 Dungeon Crawl Stone Soup version 0.28-a0-1622-gc30f734a66 (webtiles) character file.

Game seed: 17518678078181215628

51558 Peloso the Peltast (level 14, -1/127 HPs)
             Began as a Minotaur Fighter on Jan 23, 2022.
             Was the Champion of Okawaru.
             Shot with an arrow by a centaur warrior (14 damage)
             ... on level 13 of the Dungeon.
             The game lasted 00:50:24 (22395 turns).

Peloso the Peltast (Minotaur Fighter)              Turns: 22395, Time: 00:50:25

Health: -1/127     AC: 30    Str: 30    XL:     14   Next: 23%
Magic:  13/13      EV: 11    Int:  5    God:    Okawaru [******]
Gold:   1442       SH: 21    Dex: 16    Spells: 13/13 levels left

rFire   . . .      SeeInvis +   a - +3 long sword (elec)
rCold   . . .      Faith    .   c - +2 kite shield {AC+3}
rNeg    . . .      Spirit   .   z - +7 chain mail of Thoughtfulness {Dex+4 Slay+2}
rPois   +          Reflect  +   O - +2 hat
rElec   .          Harm     .   s - +1 cloak {rPois}
rCorr   .          Rampage  .   x - +0 pair of gloves
Will    +....                   Q - +0 pair of boots
Stlth   ..........              u - amulet of reflection
HPRegen 0.31/turn               T - +6 ring of strength
MPRegen 0.13/turn               g - ring of see invisible

@: studying Stealth
A: horns 2, retaliatory headbutt
a: Renounce Religion, Heroism, Finesse, Duel


You were on level 13 of the Dungeon.
You worshipped Okawaru.
Okawaru was exalted by your worship.
You visited 3 branches of the dungeon, and saw 19 of its levels.
You also visited: Bailey.

You collected 1922 gold pieces.
You spent 480 gold pieces at shops.

Inventory:

Hand Weapons
 a - a +3 long sword of electrocution (weapon)
 b - a +0 scimitar of flaming
 y - a +4 falchion of freezing
Armour
 c - a +2 kite shield of protection (worn)
 m - +0 ice dragon scales
 r - the +1 scale mail "Vofefuo" {rF++ Str+5 Int-4}
   (You found it on level 4 of the Lair of Beasts)

   Str:       It affects your strength (+5).
   Int:       It affects your intelligence (-4).
   rF:        It greatly protects you from fire.
 s - a +1 cloak of poison resistance (worn)
 x - a +0 pair of gloves (worn)
 z - the +7 chain mail of Thoughtfulness (worn) {Dex+4 Slay+2}
   (You found it on level 5 of the Dungeon)

   Dex:       It affects your dexterity (+4).
   Slay:      It affects your accuracy & damage with ranged weapons and melee
   (+2).
 N - the +0 pair of gloves "Exyug" {rElec rF++ Str+4 Dex-4}
   (Okawaru gifted it to you on level 1 of the Orcish Mines)

   Str:       It affects your strength (+4).
   Dex:       It affects your dexterity (-4).
   rF:        It greatly protects you from fire.
   rElec:     It insulates you from electricity.
 O - a +2 hat (worn)
 Q - a +0 pair of boots (worn)
Jewellery
 e - a ring of flight
 g - a ring of see invisible (right hand)
 t - the ring "Uwanoe" {rN+ Dex+4}
   (You found it on level 4 of the Lair of Beasts)

   [ring of positive energy]

   Dex:       It affects your dexterity (+4).
   rN:        It protects you from negative energy.
 u - an amulet of reflection (around neck)
 M - an amulet of regeneration
 T - a +6 ring of strength (left hand)
Wands
 q - a wand of digging (5)
 G - a wand of paralysis (1)
 K - a wand of flame (31)
Scrolls
 f - 2 scrolls of enchant armour
 h - 2 scrolls of fear
 j - a scroll of holy word {unknown}
 n - 5 scrolls of teleportation
 p - 3 scrolls of identify
 A - 2 scrolls of noise
 E - 2 scrolls of immolation
 H - 2 scrolls of magic mapping
 J - 3 scrolls of blinking
 P - a scroll of fog
Potions
 d - 9 potions of might
 i - 7 potions of curing
 l - 4 potions of lignification
 o - a potion of attraction {unknown}
 v - a potion of magic {unknown}
 w - a potion of brilliance
 B - a potion of berserk rage
 C - 3 potions of haste
 D - 2 potions of heal wounds {unknown}
 F - a potion of mutation
 I - a potion of cancellation {unknown}
 L - a potion of flight
 S - 3 potions of resistance {unknown}
Miscellaneous
 k - a box of beasts


   Skills:
 + Level 12.8 Fighting
 + Level 15.2 Long Blades
 + Level 3.4 Axes
 + Level 13.7 Armour
 + Level 6.4 Dodging
 + Level 3.0 Stealth
 + Level 16.9 Shields
 + Level 0.1 Invocations
 + Level 0.2 Evocations


You had 13 spell levels left.
You didn't know any spells.
Your spell library contained the following spells:

 Spells                   Type           Power      Damage    Failure   Level
 Magic Dart               Conj           0%         1d3       96%         1
 Blink                    Tloc           0%         N/A       99%         2
 Ensorcelled Hibernation  Hex/Ice        0%         N/A       99%         2
 Searing Ray              Conj           0%         2d4       99%         2
 Static Discharge         Conj/Air       0%         N/A       99%         2
 Dazzling Flash           Conj/Hex       0%         N/A       100%        3
 Ignite Poison            Fire/Tmut/Pois 0%         N/A       100%        3
 Lesser Beckoning         Tloc           0%         N/A       100%        3
 Mephitic Cloud           Conj/Pois/Air  0%         N/A       100%        3
 Portal Projectile        Hex/Tloc       0%         N/A       100%        3
 Spider Form              Tmut/Pois      0%         N/A       100%        3
 Airstrike                Air            0%         N/A       100%        4
 Anguish                  Hex/Necr       0%         N/A       100%        4
 Dispel Undead            Necr           0%         3d6       100%        4
 Fulminant Prism          Conj/Hex       0%         3d6       100%        4
 Leda's Liquefaction      Hex/Erth       0%         N/A       100%        4
 Olgreb's Toxic Radiance  Pois           0%         N/A       100%        4
 Sticky Flame             Conj/Fire      0%         2d3       100%        4
 Agony                    Necr           0%         N/A       100%        5
 Freezing Cloud           Conj/Ice/Air   0%         6-21      100%        5
 Lightning Bolt           Conj/Air       0%         1d11      100%        5
 Manifold Assault         Tloc           0%         N/A       100%        5
 Silence                  Hex/Air        0%         N/A       100%        5
 Ozocubu's Refrigeration  Ice            0%         4d5       100%        7
 Storm Form               Tmut/Air       0%         N/A       100%        7
 Ignition                 Fire           0%         3d3       100%        8
 Call Imp                 Summ           Unusable   N/A       N/A         2
 Call Canine Familiar     Summ           Unusable   N/A       N/A         3
 Summon Lightning Spire   Summ/Air       Unusable   N/A       N/A         4

Dungeon Overview and Level Annotations

Branches:
Dungeon (13/15)            Temple (0/1) D:7            Lair (4/6) D:11
 Shoals (0/4) Lair:4       Spider (0/4) Lair:2          Orc (2/2) D:12
    Elf (0/3) Orc:2        Vaults (0/5) D:13         Bailey (visited)

Altars:
Dithmenos
Hepliaklqana
Kikubaaqudgha
Nemelex Xobeh
Okawaru
Qazlal
Ru
Sif Muna
Uskayaw
Vehumet
Yredelemnul
Zin
The Shining One
Beogh

Shops:
D:9 [   D:11 [   Orc:1 *   Orc:2 =[([

Portals:
Abyss: Lair:1

Annotations:
Lair:1 2 transporters, UristMcRaven's ghost, journeyman DEEE
Lair:2 Casa


Innate Abilities, Weirdness & Mutations

You have a pair of horns on your head.
You reflexively headbutt those who attack you in melee.


Message History

You headbutt the vault guard, but do no damage.
The vault guard is almost dead.
You closely miss the vault guard.
The vault guard is almost dead.
The vault guard hits you with a +3 long sword.
You slash the vault guard!
You kill the vault guard!
Okawaru accepts your kill.
The centaur warrior shoots an arrow.
The arrow hits you!
* * * LOW HITPOINT WARNING * * *
The centaur warrior wields a +0 shortbow.
The centaur warrior shoots an arrow.
The arrow hits you!
* * * LOW HITPOINT WARNING * * *
Okay, then.
As you read the scroll of fear, it crumbles to dust.
You assume a fearsome visage.
The five-headed hydra resists with almost no effort.
The centaur warrior looks frightened!
The vault guard looks frightened!
The centaur warrior looks frightened!
The purple ugly thing looks frightened!
Cornered, the centaur warrior turns to fight!
Okay, then.
Cornered, the centaur warrior turns to fight!
The centaur warrior shoots an arrow.
You reflect the arrow off an invisible shield around you!
The arrow hits the centaur warrior!!
The centaur warrior shoots an arrow.
The arrow hits you!
* * * LOW HITPOINT WARNING * * *
The centaur warrior shoots an arrow.
You reflect the arrow off an invisible shield around you!
The arrow hits the centaur warrior!
The centaur warrior shoots an arrow.
You reflect the arrow off an invisible shield around you!
The arrow hits the centaur warrior!!
The centaur warrior shoots an arrow.
You reflect the arrow off an invisible shield around you!
The arrow hits the centaur warrior!!
You kill the centaur warrior!
Okawaru accepts your kill.
The centaur warrior shoots an arrow.
The arrow hits you!
You die...

##### ##### #...#
#####...###...#
##...#>..##....#
###........##....#
#................#
##...@............#
#....#.........####
###)..##.........#
#))c..##.........##
########p######[.........#
.........# ##........(.#
...##..p.# #...........#
##...# #...........# ##.H#
#...........#


You could see a vault guard and a centaur warrior.

Vanquished Creatures
  Harold (D:8)
  2 vault guards (D:13)
  4 hydras
  Erolcha (D:10)
  4 centaur warriors
  3 two-headed ogres
  Erica (Orc:1)
  9 death yaks (Lair:4)
  Urug (Lair:4)
  An orc knight (Orc:2)
  2 deep elf pyromancers (D:12)
  Pikel (D:7)
  A wolf spider (Lair:2)
  2 ugly things
  An orc sorcerer (Orc:1)
  A manticore (D:13)
  Joseph (D:8)
  Maurice (Orc:1)
  A black mamba (Lair:2)
  9 cane toads
  3 gargoyles
  2 rime drakes
  A kobold demonologist (D:12)
  An unseen horror (D:10)
  3 komodo dragons
  The ghost of P0WERM0DE the Skirmisher, an amateur MiCK of Xom (D:4)
  A queen bee (Lair:1)
  3 trolls
  2 polar bears (Lair:1)
  A polar bear (shapeshifter) (D:11)
  Prince Ribbit (D:7)
  Grinder (D:4)
  5 slime creatures
  20 blink frogs (Lair:4)
  2 jumping spiders (Lair:2)
  4 wyverns
  A shadow (D:9)
  3 wraiths
  A culicivora (Lair:2)
  2 vampires (Bailey)
  21 yaks
  5 basilisks
  3 vampire mosquitoes
  Grum (D:9)
  Menkaure (D:7)
  2 wargs
  7 water moccasins
  33 orc warriors
  3 black bears
  A sky beast (D:8)
  An ice beast (D:8)
  A hornet zombie (D:3)
  2 ogres
  2 necrophages (D:10)
  11 wolves
  26 centaurs
  A lemure (D:7)
  A kobold brigand (D:8)
  A phantom (D:4)
  7 bullfrogs
  2 gnoll sergeants
  2 wyvern zombies (D:7)
  25 killer bees
  5 electric eels (D:11)
  7 vampire bats (Bailey)
  11 wights
  2 wolf zombies (Bailey)
  A howler monkey (D:7)
  11 centaur zombies
  11 orc priests
  Crazy Yiuf (D:4)
  A bullfrog skeleton (D:5)
  6 hounds
  5 iguanas
  A jelly (D:6)
  11 orc wizards
  2 hell rats (Lair:1)
  Terence (D:2)
  2 killer bee zombies (D:7)
  3 mummies (D:10)
  A hound skeleton (D:4)
  3 howler monkey zombies
  Robin (D:2)
  5 adders
  19 gnolls
  5 river rats (Lair:1)
  An ufetubus (D:5)
  An adder skeleton (D:4)
  4 worms
  4 dart slugs
  54 orcs
  4 endoplasms
  A giant cockroach (D:3)
  10 goblins
  3 hobgoblins
  4 jackals (D:3)
  7 kobolds
  4 quokkas
  5 ball pythons (D:1)
  10 bats
  3 frilled lizards
  20 orc zombies (Bailey)
  A quokka skeleton (D:4)
  9 rats
524 creatures vanquished.

Vanquished Creatures (others)
  An orc wizard (D:5)
  17 fungi
  59 plants
77 creatures vanquished.

Grand Total: 601 creatures vanquished

Notes
Turn   | Place    | Note
-------+----------+-------------------------------------------
     0 | D:1      | Peloso the Minotaur Fighter began the quest for the Orb.
     0 | D:1      | Reached XP level 1. HP: 19/19 MP: 0/0
     3 | D:1      | Found a faded altar of an unknown god.
   182 | D:1      | Reached XP level 2. HP: 27/27 MP: 1/1
   818 | D:2      | Reached XP level 3. HP: 33/33 MP: 2/2
   831 | D:2      | Noticed Terence
   840 | D:2      | Killed Terence
   841 | D:2      | Reached skill level 4 in Shields
  1124 | D:2      | Noticed Robin
  1134 | D:2      | Killed Robin
  1135 | D:2      | Reached XP level 4. HP: 26/41 MP: 3/3
  1643 | D:3      | Reached skill level 1 in Dodging
  1645 | D:3      | Found a shimmering blue altar of Sif Muna.
  1902 | D:3      | Reached XP level 5. HP: 44/47 MP: 4/4
  2068 | D:3      | Found an iron altar of Okawaru.
  2097 | D:3      | Became a worshipper of Warmaster Okawaru
  2836 | D:3      | Reached skill level 5 in Armour
  2836 | D:3      | Reached XP level 6. HP: 26/55 MP: 5/5
  3085 | D:4      | Reached skill level 5 in Long Blades
  3338 | D:4      | Reached skill level 5 in Fighting
  3733 | D:4      | Noticed Grinder
  3787 | D:4      | Killed Grinder
  3787 | D:4      | Reached * piety under Okawaru
  3788 | D:4      | Reached XP level 7. HP: 19/61 MP: 6/6
  4005 | D:4      | Found a transporter.
  4195 | D:4      | Found a transporter.
  4195 | D:4      | Noticed P0WERM0DE's ghost (amateur MiCK)
  4293 | D:4      | Found a runed translucent door.
  4294 | D:4      | Noticed Crazy Yiuf
  4479 | D:4      | Killed Crazy Yiuf
  4577 | D:5      | Entered Level 5 of the Dungeon
  4585 | D:5      | Reached skill level 5 in Shields
  4970 | D:5      | Reached XP level 8. HP: 29/70 MP: 7/7
  5273 | D:5      | Found a radiant altar of Vehumet.
  5274 | D:5      | Found an ancient bone altar of Kikubaaqudgha.
  5277 | D:5      | Found a glowing silver altar of Zin.
  5277 | D:5      | Found a glowing golden altar of the Shining One.
  5278 | D:5      | Found a hide-covered altar of Uskayaw.
  5278 | D:5      | Found a sacrificial altar of Ru.
  5278 | D:5      | Found a shadowy altar of Dithmenos.
  5278 | D:5      | Found a stormy altar of Qazlal.
  5422 | D:5      | Reached ** piety under Okawaru
  5583 | D:5      | Found a basalt altar of Yredelemnul.
  5608 | D:5      | Identified the +7 chain mail of Thoughtfulness {Dex+4
                  | Slay+2}
  5967 | D:6      | Reached skill level 6 in Shields
  6313 | D:7      | Noticed Prince Ribbit
  6331 | D:7      | Killed Prince Ribbit
  6331 | D:7      | Reached *** piety under Okawaru
  6410 | D:7      | Reached XP level 9. HP: 57/78 MP: 8/8
  6536 | D:7      | Noticed Menkaure
  6538 | D:7      | Killed Menkaure
  6648 | D:7      | Found a staircase to the Ecumenical Temple.
  6984 | D:6      | Reached **** piety under Okawaru
  7064 | D:6      | Reached skill level 10 in Long Blades
  7064 | D:6      | Reached skill level 1 in Stealth
  7064 | D:6      | Reached skill level 7 in Shields
  7540 | D:7      | Noticed Pikel
  7555 | D:7      | Killed Pikel
  7630 | D:7      | Reached XP level 10. HP: 88/88 MP: 9/9
  7697 | D:7      | Reached ***** piety under Okawaru
  7940 | D:7      | Received a gift from Okawaru
  8436 | D:8      | Noticed Harold
  8447 | D:8      | Killed Harold
  8448 | D:8      | Reached skill level 8 in Shields
  8548 | D:8      | Noticed Joseph
  8559 | D:8      | Killed Joseph
  9491 | D:8      | Reached skill level 10 in Armour
  9657 | D:9      | Found Feehyti's Armour Boutique.
  9676 | D:9      | Noticed a two-headed ogre
  9688 | D:9      | Killed a two-headed ogre
  9688 | D:9      | Received a gift from Okawaru
  9698 | D:9      | Reached skill level 9 in Shields
  9820 | D:9      | Noticed Grum
  9832 | D:9      | Killed Grum
  9837 | D:9      | Reached XP level 11. HP: 95/95 MP: 10/10
 10242 | D:9      | Found a hazy altar of Hepliaklqana.
 10324 | D:10     | Entered Level 10 of the Dungeon
 10405 | D:10     | Found a sparkling altar of Nemelex Xobeh.
 10419 | D:10     | Found a flagged portal.
 10443 | Bailey   | Entered a bailey
 10739 | Bailey   | Reached skill level 10 in Shields
 10747 | Bailey   | Identified the +1 ring mail of the Pink Corner {*Corrode
                  | rC+++ Regen+ Str-3}
 10749 | Bailey   | Identified the +2 leather armour of Oblivion {Contam
                  | Rampage Str+5}
 11348 | D:10     | Noticed Erolcha
 11370 | D:10     | Killed Erolcha
 11370 | D:10     | Reached ****** piety under Okawaru
 11846 | D:10     | Reached skill level 10 in Fighting
 11910 | D:10     | Noticed a brown ugly thing
 11923 | D:10     | Killed a brown ugly thing
 12549 | D:4      | Reached skill level 11 in Shields
 12551 | D:4      | Identified the +1 helmet of Purre {rF+ rN+ Regen+}
 12562 | D:4      | Killed P0WERM0DE's ghost
 13256 | D:11     | Found Onkeu's Antique Armour Shoppe.
 13268 | D:11     | Bought an embroidered hat for 210 gold pieces
 13276 | D:11     | Bought a masterwork scale mail for 270 gold pieces
 13276 | D:11     | Identified the +2 scale mail "Vyzuj" {+Blink MP+9 Int+3
                  | Dex+4} (You bought it in a shop on level 11 of the Dungeon)
 13407 | D:11     | Noticed a two-headed ogre
 13414 | D:11     | Killed a two-headed ogre
 13414 | D:11     | Identified the +4 plate armour "Nestrafo" {Contam +Inv
                  | rC+++ MP-9} (Okawaru gifted it to you on level 11 of the
                  | Dungeon)
 13414 | D:11     | Received a gift from Okawaru
 13415 | D:11     | Reached XP level 12. HP: 93/106 MP: 9/11
 13567 | D:11     | Noticed a two-headed ogre
 13575 | D:11     | Killed a two-headed ogre
 13640 | D:11     | Found a staircase to the Lair.
 14095 | D:12     | Reached skill level 12 in Shields
 14612 | D:12     | Found a staircase to the Orcish Mines.
 15173 | Lair:1   | Entered Level 1 of the Lair of Beasts
 15193 | Lair:1   | Reached skill level 5 in Dodging
 15271 | Lair:1   | Found a transporter.
 15271 | Lair:1   | Found a transporter.
 15278 | Lair:1   | Found a one-way gate to the infinite horrors of the Abyss.
 15278 | Lair:1   | Noticed UristMcRaven's ghost (journeyman DEEE)
 15278 | Lair:1   | Noticed a rakshasa
 15711 | Lair:1   | Reached skill level 13 in Shields
 15758 | Lair:1   | Identified the +8 trident of Muygrem {drain, *Noise rC++
                  | MP+9 Stlth+}
 16293 | Lair:1   | Noticed a sphinx
 16293 | Lair:1   | Noticed an alligator snapping turtle
 16293 | Lair:1   | a sphinx changed into an alligator snapping turtle
 16294 | Lair:1   | Noticed a stone giant
 16294 | Lair:1   | an alligator snapping turtle changed into a stone giant
 16714 | Lair:2   | Noticed a seven-headed hydra
 16725 | Lair:2   | Killed a two-headed hydra
 16865 | Lair:2   | Identified the -4 buckler "Duosm" {Str+4} (Okawaru gifted
                  | it to you on level 2 of the Lair of Beasts)
 16865 | Lair:2   | Received a gift from Okawaru
 16970 | Lair:2   | Found a hole to the Spider Nest.
 17108 | Lair:2   | Noticed a seven-headed hydra
 17117 | Lair:2   | Killed a one-headed hydra
 17118 | Lair:2   | Reached skill level 1 in Axes
 17816 | Lair:3   | Reached skill level 14 in Shields
 17821 | Lair:3   | Reached XP level 13. HP: 108/116 MP: 12/12
 18023 | Lair:3   | You fall into a shaft and drop 1 floor!
 18245 | Lair:4   | Found a staircase to the Shoals.
 18363 | Lair:4   | Reached skill level 15 in Shields
 18675 | Lair:4   | Identified the +1 scale mail "Vofefuo" {rF++ Str+5 Int-4}
 18683 | Lair:4   | Identified the ring "Uwanoe" {rN+ Dex+4}
 18772 | Lair:4   | Received a gift from Okawaru
 19054 | Lair:4   | Noticed Urug
 19065 | Lair:4   | Paralysed by Urug for 4 turns
 19070 | Lair:4   | Killed Urug
 19316 | Lair:4   | Reached skill level 15 in Long Blades
 20197 | Orc:1    | Entered Level 1 of the Orcish Mines
 20197 | Orc:1    | Found Wolenk's Assorted Antiques.
 20199 | Orc:1    | Noticed Erica
 20205 | Orc:1    | Noticed Maurice
 20209 | Orc:1    | Killed Erica
 20209 | Orc:1    | Identified the +0 pair of gloves "Exyug" {rElec rF++ Str+4
                  | Dex-4} (Okawaru gifted it to you on level 1 of the Orcish
                  | Mines)
 20209 | Orc:1    | Received a gift from Okawaru
 20210 | Orc:1    | Reached skill level 16 in Shields
 20228 | Orc:1    | Killed Maurice
 20593 | Orc:2    | Entered Level 2 of the Orcish Mines
 20947 | Orc:2    | Reached XP level 14. HP: 64/127 MP: 13/13
 21153 | Orc:2    | Found Iwaolupa's Armour Shop.
 21153 | Orc:2    | Found Usiugoes's Weapon Shoppe.
 21155 | Orc:2    | Found Wupp's Armour Emporium.
 21257 | Orc:2    | Found Tadeg's Jewellery Boutique.
 21392 | Orc:2    | Found a staircase to the Elven Halls.
 22339 | D:13     | Found a gate to the Vaults.
 22395 | D:13     | Shot with an arrow by a centaur warrior

Illustrated notes

Levels and vault maps discovered:
D:1:      ebering_trefoil_3fold, layout_basic,
          dreamdust_ecumenical_altar_statues, minmay_tetromino_i4
D:2:      layout_basic, uniq_terence, uniq_robin
D:3:      layout_basic, nicolae_sif_muna_condensation,
          mainiacjoe_overflow_boulevard, patterned_corridor
D:4:      layout_basic, gammafunk_ghost_gnarly_gnolls, uniq_grinder,
          uniq_crazy_yiuf_cottage
D:5:      layout_rooms, grunt_temple_overflow_open, kennysheep_mini_moat
D:6:      layout_cave_pools, serial_park, serial_park_square1
          [serial_park_minivault_5x5_7], serial_park_gazebo
          [serial_park_minivault_5x5_3], serial_park_tiny_2
D:7:      kennysheep_spiral_hall, layout_basic, minmay_temple_entry_mini_moons,
          uniq_pikel, uniq_menkaure, uniq_prince_ribbit1
D:8:      layout_loops_corners, uniq_joseph, uniq_harold
D:9:      layout_roguey, worldfamousw_hep_ancestral_shrine, serial_shops, shop,
          minmay_fractal_squares_diagonal_5, uniq_grum
D:10:     layout_stronghold, mainiacjoe_overflow_cross_hatched, enter_bailey_1,
          serial_undead, serial_undead_b, serial_undead_b, serial_undead_d,
          serial_undead_b, serial_undead_b, serial_undead_f, serial_undead_a,
          uniq_erolcha
D:11:     layout_roguey, erik_lair_island, serial_shops, shop
D:12:     layout_roguey, orc_0_dummy, minmay_misc_feat_rows
D:13:     layout_cross, lightli_vaults_fourway_checkpoint
Lair:1:   layout_roguey [special_room_bee], gammafunk_ghost_abyssal_escape,
          kennysheep_abandoned_house, infiniplex_staircase_pool_2
Lair:2:   layout_hall_layers, spider_nest_entry_funnel_web
Lair:3:   layout_long_grid
Lair:4:   layout_gridlike, minmay_shoals_entry_centaurs, uniq_urug
Orc:1:    layout_caves, serial_shops, shop, basic_altar, uniq_erica,
          uniq_maurice
Orc:2:    st_orc_rangers, layout_diamond_mine

Skill      XL: |  1  2  3  4  5  6  7  8  9 10 11 12 13 14 |
---------------+-------------------------------------------+-----
Fighting       | 4 5 6 7 8 10 11 12 | 12.8
Armour         | 4 5 6 7 8 10 11 12 13 | 13.7
Long Blades    | 3 4 6 7 9 11 12 13 14 15 | 15.2
Shields        | 4 5 6 7 9 11 14 16 | 16.9
Dodging        | 1 2 3 4 5 6 |  6.4
Stealth        | 1 2 3 |  3.0
Axes           | 1 3 |  3.4
Invocations    | |  0.1
Evocations     | |  0.2

Action                   |  1- 3 |  4- 6 |  7- 9 | 10-12 | 13-15 || total
-------------------------+-------+-------+-------+-------+-------++-------
Melee: Long sword        |    65 |   150 |   231 |    30 |   280 ||   756
       Headbutt          |     8 |    26 |    56 |   183 |   121 ||   394
       Falchion          |       |       |       |   766 |   183 ||   949
       War axe           |       |       |       |    18 |    11 ||    29
       Scimitar          |       |       |       |       |     4 ||     4
Invok: Heroism           |       |       |     2 |     1 |     2 ||     5
Evoke: Wand              |       |       |       |     3 |       ||     3
  Use: Scroll            |     2 |     2 |     4 |    11 |     1 ||    20
       Potion            |       |     2 |       |       |       ||     2
Armor: Scale mail        |    57 |    62 |    48 |       |       ||   167
       Chain mail        |       |       |    55 |   490 |   149 ||   694
       Ice dragon scales |       |       |     3 |       |       ||     3
Dodge: Dodged            |    51 |    52 |    59 |   303 |   117 ||   582
Block: Buckler           |    25 |    34 |   104 |    77 |       ||   240
       Reflection        |       |       |     6 |     9 |    95 ||   110
       Kite shield       |       |       |       |   629 |   519 ||  1148

Table legend: (Time is in decaauts)
 A = Elapsed time spent in this place.
 B = Non-inter-level travel time spent in this place.
 C = Inter-level travel time spent in this place.
 D = Time resting spent in this place.
 E = Time spent auto-exploring this place.
 F = Levels seen in this place.
 G = Mean time per level.
                   A        B        C        D        E       F      G
               +--------+--------+--------+--------+--------+-----+--------+
         Total |  22158 |  21189 |    969 |   1190 |  15009 |  20 | 1107.9 |
       Dungeon |  14938 |  14110 |    828 |   1190 |   9953 |  13 | 1149.1 |
          Lair |   4802 |   4676 |    126 |      0 |   3548 |   4 | 1200.5 |
  Orcish Mines |   1783 |   1769 |     14 |      0 |   1305 |   2 |  891.5 |
        Bailey |    634 |    634 |      0 |      0 |    203 |   1 |  634.0 |
               +--------+--------+--------+--------+--------+-----+--------+

Top non-repeatable levels by time:
     D:4: 2014 daAuts
     D:3: 1515 daAuts
  Lair:4: 1514 daAuts
     D:7: 1513 daAuts
    D:10: 1387 daAuts
  Lair:2: 1338 daAuts
   Orc:2: 1254 daAuts
  Lair:1: 1241 daAuts
    D:12: 1240 daAuts
     D:8: 1227 daAuts
    D:11: 1146 daAuts
     D:6: 1125 daAuts
     D:2: 964 daAuts
     D:5: 948 daAuts
     D:9: 853 daAuts
